 Dungeon Crawl Stone Soup version 0.31-a0-949-g57150269e1 (webtiles) character file.

Game seed: 8063938436664331361

102 Zonian the Magician (level 4, -8/24 HPs)
             Began as a Deep Elf Hedge Wizard on Oct 21, 2023.
             Killed from afar by an orc wizard (10 damage)
             ... with a puff of flame
             ... on level 3 of the Dungeon.
             The game lasted 00:03:51 (3024 turns).

Zonian the Magician (Deep Elf Hedge Wizard)         Turns: 3024, Time: 00:03:52

Health: -8/24      AC:  3    Str: 13    XL:     4   Next: 50%
Magic:  10/13      EV: 13    Int: 21    God:
Gold:   102        SH:  0    Dex: 14    Spells: 9/13 levels left

rFire   . . .        a - +0 dagger
rCold   . . .        (no shield)
rNeg    . . .        b - +0 robe
rPois   .            c - +0 hat
rElec   .            m - +0 cloak
rCorr   .            (no gloves)
SInv    .            (no boots)
Will    .....        (no amulet)
Stlth   ++           p - +6 ring of strength
HPRegen 0.24/turn    (no ring)
MPRegen 0.13/turn

%: no passive effects
@: very slightly contaminated
A: no striking features
a: no special abilities


You were on level 3 of the Dungeon.
You visited 1 branch of the dungeon, and saw 3 of its levels.

You collected 102 gold pieces.

Inventory:

Hand Weapons
 a - a +0 dagger (weapon)
 f - a +0 war axe
Armour
 b - a +0 robe (worn)
 c - a +0 hat (worn)
 m - a +0 cloak (worn)
Magical Staves
 n - a staff of fire
Jewellery
 p - a +6 ring of strength (left hand)
Wands
 k - a wand of iceblast (5)
Scrolls
 e - 3 scrolls of identify {unknown}
 o - a scroll of amnesia {unknown}
Potions
 g - a potion of cancellation {unknown}
 h - 3 potions of curing {unknown}
 i - a potion of invisibility {unknown}
 j - a potion of lignification {unknown}
 l - a potion of haste {unknown}


   Skills:
 + Level 3.3 Dodging
 + Level 3.2 Stealth
 + Level 5.0 Spellcasting
 + Level 2.0 Conjurations
 + Level 1.1 Hexes
 - Level 1.6 Summonings
 + Level 2.3 Translocations


You had 9 spell levels left.
You knew the following spells:

 Your Spells              Type           Power      Damage    Failure   Level
a - Magic Dart            Conj           52%        1d5       4%          1
b - Blink                 Tloc           28%        N/A       6%          2
c - Slow                  Hex            40%        N/A       7%          1

Your spell library contained the following spells:

 Spells                   Type           Power      Damage    Failure   Level
 Call Imp                 Summ           24%        N/A       9%          2
 Cigotuvi's Dreadful Rot  Necr/Pois/Air  10%        N/A       16%         2
 Mephitic Cloud           Conj/Pois/Air  8%         N/A       24%         3


Dungeon Overview and Level Annotations

Branches:
Dungeon (3/15)

Altars:
Trog

Shops:
D:1 [   D:3 (


Message History

* * * LOW HITPOINT WARNING * * *
Unknown command.
Magic courses through your body.
The orc wizard hits you with a +0 dagger.
* * * LOW HITPOINT WARNING * * *
Unknown command.
Casting: Magic Dart (safe; 4% risk of failure)
Confirm with . or Enter, or press ? or * to list all spells.
Aiming: Magic Dart (safe; 4% risk of failure)
Press: ? - help, Shift-Dir - straight line, f/p - orc wizard
Aim: an orc wizard, wielding a +0 dagger and wearing a +0 robe (almost dead, 100% to hit)
You miscast Magic Dart.
You are very lightly contaminated with residual magic.
Nothing appears to happen.
The orc wizard misses you.
Casting: Magic Dart (safe; 4% risk of failure)
Confirm with . or Enter, or press ? or * to list all spells.
Aiming: Magic Dart (safe; 4% risk of failure)
Press: ? - help, Shift-Dir - straight line, f/p - orc wizard
Aim: an orc wizard, wielding a +0 dagger and wearing a +0 robe (almost dead, 100% to hit)
The magic dart hits the orc wizard but does no damage.
The orc wizard is almost dead.
The orc wizard misses you.
Casting: Magic Dart (safe; 4% risk of failure)
Confirm with . or Enter, or press ? or * to list all spells.
Aiming: Magic Dart (safe; 4% risk of failure)
Press: ? - help, Shift-Dir - straight line, f/p - orc wizard
Aim: an orc wizard, wielding a +0 dagger and wearing a +0 robe (almost dead, 100% to hit)
The magic dart hits the orc wizard but does no damage.
The orc wizard is almost dead.
The orc wizard hits you but does no damage.
Casting: Magic Dart (safe; 4% risk of failure)
Confirm with . or Enter, or press ? or * to list all spells.
Aiming: Magic Dart (safe; 4% risk of failure)
Press: ? - help, Shift-Dir - straight line, f/p - orc wizard
Aim: an orc wizard, wielding a +0 dagger and wearing a +0 robe (almost dead, 100% to hit)
The magic dart hits the orc wizard but does no damage.
The orc wizard is almost dead.
The orc wizard casts a spell at you. The puff of flame hits you!
You die...

#?..# #...# #?
#...# #. #.
#...##... #.
##........ #.
......... #.
###.o...... #.
#.∩@#
#.######∩∩∩#.##
#........∩....#
#..#######.#..#
#..#######)#..#
#........... .#
##.#####....).#
#.# .... # #.#
....


You could see an orc wizard.

Vanquished Creatures
  4 adders
  A dart slug (D:2)
  2 orcs (D:3)
  7 endoplasms
  A giant cockroach (D:1)
  3 goblins (D:1)
  7 hobgoblins
  4 jackals (D:1)
  6 quokkas
  2 ball pythons (D:1)
  8 bats
  2 frilled lizards
  5 kobolds
  5 rats
57 creatures vanquished.

Notes
Turn   | Place    | Note
-------+----------+-------------------------------------------
     0 | D:1      | Zonian the Deep Elf Hedge Wizard began the quest for the
                  | Orb.
     0 | D:1      | Reached XP level 1. HP: 10/10 MP: 7/7
   207 | D:1      | Reached XP level 2. HP: 15/15 MP: 3/9
   926 | D:1      | Found Buoblett's Antique Armour Shop.
  1127 | D:1      | Reached XP level 3. HP: 19/19 MP: 1/11
  1336 | D:1      | Learned a level 2 spell: Blink
  1437 | D:1      | Learned a level 1 spell: Slow
  2100 | D:2      | Found a bloodstained altar of Trog.
  2262 | D:2      | Found a faded altar of an unknown god.
  2292 | D:2      | Reached XP level 4. HP: 24/24 MP: 8/12
  2355 | D:2      | Reached skill level 1 in Hexes
  2850 | D:2      | Reached skill level 5 in Spellcasting
  2984 | D:3      | Found Jigimede's Antique Weapon Shop.
  3020 | D:3      | HP: 1/24 [orc wizard/+0 dagger (4)]
  3024 | D:3      | Killed from afar by an orc wizard

Illustrated notes

Levels and vault maps discovered:
D:1:      tekkud_arrival_beachfront_property, layout_basic, serial_shops,
          nicolae_lakefront_shop, minmay_statues_item
D:2:      wad_lake_hut, layout_basic, hellmonk_ecumenical_altar_lost_god,
          basic_altar
D:3:      minmay_evil_eye, layout_loops_ring, serial_shops,
          nicolae_shop_dealshenge, dk_noncrumbling_3, st_stairs_2,
          lexackson_kobold_supper

Skill      XL: |  1  2  3  4 |
---------------+-------------+-----
Stealth        | 3 |  3.2
Dodging        | 3 |  3.3
Translocations | 2 |  2.3
Hexes          | 1 |  1.1
Spellcasting   | 5 |  5.0
Conjurations   | 2 |  2.0
Summonings     | |  1.6

Action                     |  1- 3 |  4- 6 || total
---------------------------+-------+-------++-------
  Melee: Dagger            |    41 |     1 ||    42
         Punch             |     1 |       ||     1
   Cast: Magic Dart        |   123 |    35 ||   158
    Use: Potion            |       |     1 ||     1
 Armour: Robe              |    33 |     5 ||    38
  Dodge: Dodged            |    53 |     6 ||    59

Table legend: (Time is in decaauts)
 A = Elapsed time spent in this place.
 B = Non-inter-level travel time spent in this place.
 C = Inter-level travel time spent in this place.
 D = Time resting spent in this place.
 E = Time spent auto-exploring this place.
 F = Levels seen in this place.
 G = Mean time per level.
                   A        B        C        D        E       F      G
               +--------+--------+--------+--------+--------+-----+--------+
         Total |   3065 |   2984 |     81 |    181 |   2440 |   3 | 1021.7 |
       Dungeon |   3065 |   2984 |     81 |    181 |   2440 |   3 | 1021.7 |
               +--------+--------+--------+--------+--------+-----+--------+

Top non-repeatable levels by time:
     D:1: 1919 daAuts
     D:2: 1096 daAuts
     D:3: 49 daAuts
